 Dungeon Sprint DCSS version 0.19.1 (webtiles) character file.

229 equalderp2856 the Gouger (level 5, -14/27 HPs)
             Began as a Felid Fighter on Dec 3, 2016.
             Killed from afar by Josephine (33 damage)
             ... with a ghostly fireball
             ... in the Dungeon (Sprint IX: "|||||||||||||||||||||||||||||").
             The game lasted 00:00:46 (154 turns).

equalderp2856 the Gouger (Felid Fighter)             Turns: 154, Time: 00:00:47

Health: -14/27     AC:  1    Str: 13    XL:     5   Next: 71%
Magic:  6/6        EV: 23    Int:  9    God:
Gold:   0          SH:  0    Dex: 16    Spells: 0 memorised, 4 levels left
                                        Lives:  0   Deaths: 1

rFire  . . .     SeeInvis +       - Unarmed
rCold  . . .     Gourm    .     (armour unavailable)
rNeg   . . .     Faith    .     (shield unavailable)
rPois  .         Spirit   .     (helmet unavailable)
rElec  .         Reflect  .     (cloak unavailable)
rCorr  .         Harm     .     (gloves unavailable)
MR     .....     NoTele   +     (boots unavailable)
Stlth  +++.......               (no amulet)
                                (no ring)
                                (no ring)

@: slowed, drained, slow
A: no armour, no weapons or thrown items, stealth, claws 1, fangs 3, see
invisible, carnivore 3, speed 1, shaggy fur 1, slow metabolism 1, sharp paws
a: no special abilities


You were in the Dungeon.
You were not hungry.

You visited 1 branch

Inventory:

Jewellery
 m - a +2 ring of evasion
 n - a +3 ring of dexterity
Wands
 l - a wand of acid (7/15)
Scrolls
 h - 2 scrolls of blinking
 j - 3 scrolls of remove curse
 k - 2 scrolls of amnesia
Potions
 a - a potion of might
 c - 5 potions of curing
 d - a potion of invisibility
 e - a potion of haste
 f - 4 potions of magic
 g - a potion of berserk rage
 i - a potion of heal wounds
Comestibles
 b - a meat ration


   Skills:
 + Level 5.9(5.2) Fighting
 + Level 8.6(7.8) Dodging
 + Level 3.6(2.9) Stealth
 + Level 10.9(10.1) Unarmed Combat


You had 4 spell levels left.
You didn't know any spells.

Dungeon Overview and Level Annotations

Branches:
Dungeon (1/1)

Altars:
Cheibriados
Dithmenos
Elyvilon
Fedhas
Gozag
Hepliaklqana
Kikubaaqudgha
Makhleb
Nemelex Xobeh
Okawaru
Qazlal
Ru
Sif Muna
Trog
Uskayaw
Vehumet
Xom
Yredelemnul
Zin
The Shining One
Beogh
Jiyva
Lugonu

Annotations:
D Josephine


Innate Abilities, Weirdness & Mutations

You cannot wear armour.
You are incapable of wielding weapons or throwing items.
Your paws allow you to move quietly. (Stealth)
You have sharp claws.
You have razor-sharp teeth.
You have supernaturally acute eyesight. (SInv)
You are carnivorous and can eat meat at any time.
You cover ground quickly.
You are covered in fur. (AC +1)
You have a slow metabolism.
Your sharp claws are effective at attacking unaware monsters.


Message History

The wraith drains your vigour!
You feel yourself slow down.
You feel much better. The wraith closely misses you. The wraith hits you.
The wraith drains your vigour!
You feel as though you will be slow longer.
You claw the wraith!
The wraith is severely damaged.
The wraith hits you. The wraith drains your vigour!
You feel as though you will be slow longer.
Unknown command.
You claw the wraith!
You destroy the wraith!
Your Dodging skill increases to level 8!
Your Stealth skill increases to level 3!
Your Unarmed Combat skill increases to level 10!
Welcome back to level 5!
You miss Josephine. Josephine casts a spell at you.
The ghostly flame explodes!
The ghostly fireball engulfs you!
You feel drained.
Ouch! That really hurt!
You die...

▓▓▓▓▓▓▓▓▓▓▓▓▓▓▓▓▓▓▓▓▓▓▓
...............@@WW.WW.
▓▓▓▓▓▓▓▓▓▓▓▓▓▓▓▓▓▓▓▓▓▓▓
▓▓▓▓▓▓▓▓▓▓▓▓▓▓▓▓▓▓▓▓▓▓▓▓▓▓▓▓▓▓▓▓▓
oZl†.[[[)|..'.___________________
▓▓▓▓▓▓▓▓▓▓▓▓▓▓▓▓▓▓▓▓▓▓▓▓▓▓▓▓▓▓▓▓▓


You could see Josephine and 4 wraiths.

Vanquished Creatures
  A wraith (D)
  A phantom (D)
  A scorpion (D)
  An orc wizard (D)
  A leopard gecko (D)
  An orc (D)
  A bat skeleton (D)
  A giant cockroach (D)
  A hobgoblin (D)
  A kobold (D)
  A rat (D)
11 creatures vanquished.

Notes
Turn   | Place    | Note
-------+----------+-------------------------------------------
     0 | D        | equalderp2856 the Felid Fighter began the quest for the Orb.
     0 | D        | Reached XP level 1. HP: 10/10 MP: 2/2
    13 | D        | Reached skill level 5 in Unarmed Combat
    17 | D        | Noticed an orc wizard
    17 | D        | Noticed a phantom
    17 | D        | Noticed a scorpion
    19 | D        | Reached XP level 2. HP: 14/14 MP: 3/3
    25 | D        | Killed a scorpion
    25 | D        | Reached skill level 5 in Dodging
    25 | D        | Reached skill level 1 in Stealth
    25 | D        | Reached skill level 7 in Unarmed Combat
    25 | D        | Reached XP level 3. HP: 13/18 MP: 4/4
    39 | D        | Reached XP level 4. HP: 17/22 MP: 5/5
    45 | D        | Killed a phantom
    45 | D        | Reached skill level 5 in Fighting
    45 | D        | Reached skill level 9 in Unarmed Combat
    45 | D        | Reached XP level 5. HP: 21/26 MP: 6/6
    54 | D        | Found a roughly hewn altar of Beogh.
    54 | D        | Found a snail-covered altar of Cheibriados.
    54 | D        | Found a shadowy altar of Dithmenos.
    54 | D        | Found a white marble altar of Elyvilon.
    54 | D        | Found a blossoming altar of Fedhas.
    54 | D        | Found an opulent altar of Gozag.
    55 | D        | Found a hazy altar of Hepliaklqana.
    56 | D        | Found a viscous altar of Jiyva.
    57 | D        | Found an ancient bone altar of Kikubaaqudgha.
    58 | D        | Found a corrupted altar of Lugonu.
    59 | D        | Found a burning altar of Makhleb.
    60 | D        | Found a sparkling altar of Nemelex Xobeh.
    61 | D        | Found an iron altar of Okawaru.
    62 | D        | Found a stormy altar of Qazlal.
    63 | D        | Found a sacrificial altar of Ru.
    64 | D        | Found a deep blue altar of Sif Muna.
    65 | D        | Found a bloodstained altar of Trog.
    66 | D        | Found a hide-covered altar of Uskayaw.
    67 | D        | Found a radiant altar of Vehumet.
    68 | D        | Found a shimmering altar of Xom.
    69 | D        | Found a basalt altar of Yredelemnul.
    70 | D        | Found a glowing silver altar of Zin.
    71 | D        | Found a glowing golden altar of the Shining One.
   127 | D        | Noticed a troll
   127 | D        | Noticed an ogre
   127 | D        | Noticed a komodo dragon
   133 | D        | Mangled by a komodo dragon
   134 | D        | Reached XP level 4. HP: -7/23 MP: 5/5
   137 | D        | Noticed a wraith
   138 | D        | Noticed a wraith
   140 | D        | Noticed Josephine
   141 | D        | Noticed a wraith
   145 | D        | Noticed a wraith
   149 | D        | Noticed a wraith
   153 | D        | Killed a wraith
   153 | D        | Reached skill level 10 in Unarmed Combat
   153 | D        | Reached XP level 5. HP: 18/27 MP: 6/6
   154 | D        | Killed from afar by Josephine

Skill      XL: |  1  2  3  4 |
---------------+-------------+-----
Unarmed Combat | 5 7 10 | 10.9
Fighting       | 4 5 |  5.9
Dodging        | 5 6 8 |  8.6
Stealth        | 1 3 |  3.6

Action                   |  1- 3 |  4- 6 || total
-------------------------+-------+-------++-------
Melee: Unarmed           |    27 |    21 ||    48
       Bite              |     7 |     2 ||     9
       Punch             |       |     3 ||     3
  Use: Potion            |     1 |     1 ||     2
 Stab: Sleeping          |     2 |       ||     2
Armor: Skin              |     2 |       ||     2
Dodge: Dodged            |    17 |    10 ||    27
